 Dungeon Crawl Stone Soup version 0.31-a0-636-ge1c0e020e0 (webtiles) character file.

Game seed: 14553906900101535370

1407 Twinkles the Cleaver (level 8, -6/74 HPs)
             Began as a Hill Orc Berserker on Aug 27, 2023.
             Was a Priest of Trog.
             Mangled by a boulder beetle (16 damage)
             ... on level 6 of the Dungeon.
             The game lasted 00:08:54 (4843 turns).

Twinkles the Cleaver (Hill Orc Berserker)           Turns: 4843, Time: 00:08:55

Health: -6/74      AC: 11    Str: 21 (22) XL:     8   Next: 70%
Magic:  8/8        EV: 11    Int:  6 (7)  God:    Trog [***...]
Gold:   376        SH:  0    Dex: 15 (16) Spells: 7/7 levels left

rFire   . . .        a - +0 hand axe
rCold   . . .        (no shield)
rNeg    . . .        j - +0 scale mail
rPois   .            x - +0 helmet
rElec   .            i - +0 cloak
rCorr   .            (no gloves)
SInv    +            k - +0 pair of boots
Will    .....        h - amulet of regeneration Stlth
                     g - ring of see invisible
HPRegen 1.12/turn    p - +6 ring of dexterity
MPRegen 0.11/turn

%: no passive effects
@: on berserk cooldown, slowed, very slow
A: no striking features
a: Renounce Religion, Berserk, Trog's Hand


You were on level 6 of the Dungeon.
You worshipped Trog.
Trog was most pleased with you.
You visited 1 branch of the dungeon, and saw 6 of its levels.
You also visited: Sewer.

You collected 376 gold pieces.

Inventory:

Hand Weapons
 a - a +0 hand axe (weapon)
Missiles
 u - 20 poisoned darts
 w - 2 throwing nets
Armour
 b - a +0 animal skin
 e - a +0 leather armour
 i - a +0 cloak (worn)
 j - a +0 scale mail (worn)
 k - a +0 pair of boots (worn)
 x - a +0 helmet (worn)
Jewellery
 g - a ring of see invisible (left hand)
 h - an amulet of regeneration (around neck)
 p - a +6 ring of dexterity (right hand)
 B - a ring of flight
Scrolls
 c - a scroll of immolation {unknown}
 d - 2 scrolls of poison {unknown}
 m - 2 scrolls of teleportation {unknown}
 o - 4 scrolls of identify {unknown}
 q - a scroll of blinking {unknown}
 r - 2 scrolls of fog {unknown}
 s - 2 scrolls of fear {unknown}
 y - a scroll of vulnerability {unknown}
 C - a scroll of silence {unknown}
 E - a scroll of noise {unknown}
Potions
 f - 2 potions of degeneration
 l - a potion of attraction {unknown}
 t - a potion of cancellation {unknown}
 v - a potion of enlightenment {unknown}
 z - a potion of ambrosia {unknown}
 D - a potion of resistance {unknown}
 J - 2 potions of curing
 Q - 2 potions of magic


   Skills:
 + Level 7.7 Fighting
 + Level 8.3 Axes
 + Level 6.4 Armour
 - Level 3.4 Dodging


You had 7 spell levels left.
You didn't know any spells.
Your spell library was empty.

Dungeon Overview and Level Annotations

Branches:
Dungeon (6/15) Zot: 26371   Sewer (visited)
 Temple: D:4-7

Altars:

Annotations:
D:3 1 exclusion


Message History

The boulder beetle is moderately wounded.
The boulder beetle closely misses you.
You slash the boulder beetle!
The boulder beetle is heavily wounded.
You hit the boulder beetle but do no damage.
The boulder beetle is heavily wounded.
The boulder beetle closely misses you.
You hit the boulder beetle.
The boulder beetle is heavily wounded.
You barely miss the boulder beetle.
The boulder beetle is heavily wounded.
The boulder beetle bites you!
* * * LOW HITPOINT WARNING * * *
You hit the boulder beetle but do no damage.
The boulder beetle is heavily wounded.
The boulder beetle completely misses you.
You hit the boulder beetle but do no damage.
The boulder beetle is heavily wounded.
You hit the boulder beetle but do no damage.
The boulder beetle is heavily wounded.
The boulder beetle barely misses you.
You hit the boulder beetle but do no damage.
The boulder beetle is heavily wounded.
The boulder beetle bites you!
* * * LOW HITPOINT WARNING * * *
You hit the boulder beetle but do no damage.
The boulder beetle is heavily wounded.
You hit the boulder beetle but do no damage.
The boulder beetle is heavily wounded.
You are no longer berserk.
You are exhausted.
You feel yourself slow down. The boulder beetle closely misses you.
You hit the boulder beetle but do no damage.
The boulder beetle is heavily wounded.
The boulder beetle closely misses you.
You hit the boulder beetle but do no damage.
The boulder beetle is heavily wounded.
The boulder beetle completely misses you.
The boulder beetle bites you!
You die...

.###......## #....# #......#
.##.###....### #....# #.####.#
.#.###.......# #....# #.####.#
.####.....)#.####....# #....#.#
8..°..).....)[.....>.# ####.#.#
.####..#...#####.....# #.#.#
.#.###..#............# #.#.#
.##.###.#.######[B...#######.#.#
.###......#.....@..............#
..##...####.###.#.#.########.###
#..#..## #.# #...#........#.#
....... ###.# #####.######.#.#
#.....#.#...# #..........<#.#
#.....#.#.######..........##.#
#.....# #....................#
###.###
#######...........####### #.
#.#.#...........#..


You could see a boulder beetle.

Vanquished Creatures
  2 trolls (D:6)
  A hornet (D:4)
  An ogre (D:6)
  2 kobold brigands
  2 scorpions (D:5)
  A jelly (D:4)
  An orc priest (D:6)
  2 orc wizards
  3 gnolls (D:5)
  12 adders
  5 river rats
  2 ufetubi
  7 worms
  12 orcs
  4 endoplasms
  5 giant cockroaches
  10 goblins
  8 hobgoblins
  6 jackals
  5 quokkas
  8 ball pythons
  2 bats
  11 frilled lizards
  12 kobolds
  12 rats
136 creatures vanquished.

Notes
Turn   | Place    | Note
-------+----------+-------------------------------------------
     0 | D:1      | Twinkles the Hill Orc Berserker began the quest for the
                  | Orb.
     0 | D:1      | Reached XP level 1. HP: 19/19 MP: 1/1
    70 | D:1      | HP: 4/20 [quokka (5)]
    74 | D:1      | Reached XP level 2. HP: 3/27 MP: 2/2
   641 | D:1      | Reached XP level 3. HP: 32/33 MP: 3/3
  1017 | D:2      | Reached ** piety under Trog
  1473 | D:3      | Reached XP level 4. HP: 40/40 MP: 4/4
  1539 | D:3      | Reached skill level 5 in Axes
  1553 | D:3      | Reached XP level 5. HP: 46/47 MP: 5/5
  1614 | D:3      | Found a glowing drain.
  1621 | Sewer    | Entered a sewer
  1843 | Sewer    | Reached *** piety under Trog
  1969 | Sewer    | Reached skill level 5 in Fighting
  2084 | Sewer    | Noticed a kobold brigand
  2102 | Sewer    | Killed a kobold brigand
  2103 | Sewer    | Reached XP level 6. HP: 56/56 MP: 6/6
  2759 | D:4      | Noticed a hornet
  2770 | D:4      | Killed a hornet
  2771 | D:4      | Reached skill level 6 in Axes
  2771 | D:4      | Reached XP level 7. HP: 49/62 MP: 7/7
  3617 | D:5      | Entered Level 5 of the Dungeon
  3748 | D:5      | Identified the orb of Qadent {*Rage, Rampage Will- Regen+
                  | Int+4}
  3870 | D:5      | Reached skill level 5 in Armour
  4415 | D:6      | Reached skill level 7 in Axes
  4415 | D:6      | Reached XP level 8. HP: 71/71 MP: 8/8
  4573 | D:6      | Noticed a troll
  4592 | D:6      | Killed a troll
  4628 | D:6      | Noticed a troll
  4646 | D:6      | Killed a troll
  4647 | D:6      | Reached skill level 8 in Axes
  4717 | D:6      | Noticed a boulder beetle
  4812 | D:6      | HP: 21/74 [boulder beetle (4)]
  4821 | D:6      | HP: 18/74 [boulder beetle (9)]
  4822 | D:6      | HP: 1/74 [boulder beetle (19)]
  4835 | D:6      | HP: 19/111 [boulder beetle (14)]
  4839 | D:6      | HP: 9/111 [boulder beetle (13)]
  4843 | D:6      | Mangled by a boulder beetle

Illustrated notes

Levels and vault maps discovered:
D:1:      matt_arrival_grand_opening, layout_rooms, minmay_ruptured
D:2:      layout_loops_ring
D:3:      layout_basic, lightli_sewer_entry_pipes
D:4:      layout_basic
D:5:      layout_loops_cross
D:6:      layout_basic, kb_rosetta

Skill      XL: |  1  2  3  4  5  6  7  8 |
---------------+-------------------------+-----
Fighting       | 4 5 6 7 |  7.7
Dodging        | 2 3 |  3.4
Armour         | 3 4 5 6 |  6.4
Axes           | 5 6 7 8 |  8.3

Action                     |  1- 3 |  4- 6 |  7- 9 || total
---------------------------+-------+-------+-------++-------
  Melee: Hand axe          |   127 |   205 |   176 ||   508
         Punch             |     2 |     2 |     1 ||     5
 Invoke: Berserk           |     3 |     3 |     6 ||    12
         Trog's Hand       |       |     1 |     2 ||     3
    Use: Potion            |       |       |     3 ||     3
 Armour: Animal skin       |     3 |       |       ||     3
         Leather armour    |    10 |       |       ||    10
         Scale mail        |    35 |    99 |    60 ||   194
  Dodge: Dodged            |    81 |   119 |    86 ||   286

Table legend: (Time is in decaauts)
 A = Elapsed time spent in this place.
 B = Non-inter-level travel time spent in this place.
 C = Inter-level travel time spent in this place.
 D = Time resting spent in this place.
 E = Time spent auto-exploring this place.
 F = Levels seen in this place.
 G = Mean time per level.
                   A        B        C        D        E       F      G
               +--------+--------+--------+--------+--------+-----+--------+
         Total |   5160 |   5007 |    153 |    265 |   3471 |   7 |  737.1 |
       Dungeon |   4211 |   4058 |    153 |    184 |   2857 |   6 |  701.8 |
         Sewer |    949 |    949 |      0 |     81 |    613 |   1 |  949.0 |
               +--------+--------+--------+--------+--------+-----+--------+

Top non-repeatable levels by time:
   Sewer: 949 daAuts
     D:4: 885 daAuts
     D:1: 779 daAuts
     D:5: 700 daAuts
     D:2: 681 daAuts
     D:3: 602 daAuts
     D:6: 561 daAuts
